 Dungeon Sprint DCSS version 0.31-a0-1576-ga3383bade6 (webtiles) character file.

Game seed: 14913330453630839621

3031 sircluck the Grappler (level 9, -7/105 HPs)
             Began as a Troll Berserker on Jan 4, 2024.
             Was the Champion of Trog.
             Incinerated by a deep elf pyromancer (15 damage)
             ... with a pyre arrow
             ... in the Dungeon (Sprint III: "The Ten Rune Challenge").
             The game lasted 00:02:23 (684 turns).

sircluck the Grappler (Troll Berserker)              Turns: 684, Time: 00:02:24

Health: -7/105     AC:  5    Str: 35    XL:     9   Next: 56%
Magic:  8/8        EV: 12    Int:  2    God:    Trog [******]
Gold:   3469       SH:  0    Dex:  8    Spells: 8/8 levels left

rFire   . .          .
                       - Unarmed
rCold   . . .        (no shield)
rNeg    + . .        j - +1 robe {rN+}
rPois   .            (helmet restricted)
rElec   .            (no cloak)
rCorr   .            (gloves unavailable)
SInv    .            (boots unavailable)
Will    .....        (no amulet)
Stlth   +            (no ring)
HPRegen 1.17/turn    (no ring)
MPRegen 0.11/turn

%: no teleportation, clarity
@: on fire, on berserk cooldown, slowed, glowing, very slow
A: large, unfitting armour, claws 3, regeneration 1, shaggy fur 1, tough skin 1,
clarity, strong 1, noise suppression
a: Renounce Religion, Berserk, Trog's Hand, Brothers in Arms


You were in the Dungeon.
You worshipped Trog.
Trog was exalted by your worship.
You visited 1 branch You collected 3469 gold pieces.

Inventory:

Armour
 a - a +0 animal skin
 j - a +1 robe of positive energy (worn)
Wands
 i - a wand of flame (8)
 p - a wand of roots (3)
 q - a wand of light (7)
Scrolls
 k - 3 scrolls of poison {unknown}
 n - a scroll of immolation {unknown}
 o - a scroll of identify {unknown}
Potions
 b - a potion of curing
 c - 2 potions of heal wounds
 d - a potion of haste
 e - 2 potions of magic
 f - a potion of berserk rage
 h - a potion of might {unknown}
 l - 4 potions of mutation
 m - 3 potions of enlightenment


   Skills:
 + Level 11.3 Fighting
 + Level 11.2 Dodging
 + Level 13.2 Unarmed Combat


You had 8 spell levels left.
You didn't know any spells.
Your spell library was empty.

Dungeon Overview and Level Annotations

Branches:
Dungeon (1/1)

Altars:
Cheibriados
Dithmenos
Elyvilon
Fedhas
Gozag
Hepliaklqana
Kikubaaqudgha
Makhleb
Nemelex Xobeh
Okawaru
Qazlal
Ru
Sif Muna
Trog
Uskayaw
Vehumet
Wu Jian
Xom
Yredelemnul
Zin
The Shining One
Jiyva
Lugonu

Shops:
D ?


Innate Abilities, Weirdness & Mutations

You are too large for most types of armour.
You have claws for hands.
Your natural rate of healing is unusually fast.
You are covered in fur. (AC +1)
You have tough skin. (AC +1)
You possess an exceptional clarity of mind.
Your muscles are strong. (Str +4, Int/Dex -1)
You passively dampen the noise of your surroundings.


Message History

The bolt of fire misses you.
The deep elf knight casts a spell.
The deep elf knight flickers and vanishes!
Deactivating autopickup; reactivate with Ctrl-A.
The fire elemental hits you. The fire elemental burns you!
The deep elf pyromancer hits you with a +0 rapier.
Something hits you! The fire elemental hits you. The fire elemental burns you!
You closely miss the deep elf pyromancer.
The deep elf pyromancer is almost dead.
The fire elemental barely misses you.
The deep elf pyromancer points at you and mumbles some strange words.
The pyre arrow hits you.
You are covered in intense liquid fire!
You hear some strange, mumbled words.
A shard of ice appears from out of thin air!
The shard of ice misses you.
You mangle the deep elf pyromancer!!
You kill the deep elf pyromancer!
Trog accepts your kill. Trog grants you a weapon!
Something appears at your feet!
You see here a +2 quick blade of flaming.
Trog appreciates your killing of a magic user.
The fire elemental disappears in a puff of smoke!
The liquid fire burns you! Something hits you!!
Your Dodging skill increases to level 11!
Your Unarmed Combat skill increases to level 13!
You closely miss something. Your claw misses something.
The liquid fire burns you!
* * * LOW HITPOINT WARNING * * *
Something hits you!!
* * * LOW HITPOINT WARNING * * *
Unknown command.
Unknown command.
Blink to where?
Press: ? - help, Q - select action, (/) - cycle Dir - move target
As you read the scroll of blinking, it crumbles to dust.
The liquid fire burns you!
You die...

▓▓▓ ▓▓▓▓▓▓▓▓▓▓▓
♣.#############.##.##{#.#######
♣.#___#___#__#...#....§.).#e..#
♣♣.#.).#__)#._#.......§)##.#...#
♣..###'#'###'##........### #...≈
♣♣.#..........#.@........# ...#
♣♣.'.⌠........#)##.∩..#..# ..#
.♣.#...######'#)####.#...# ##
...#.⌠.#__#...#)##########
...#)..#__#...#..~~~+
...#)###__#...#.#)~§#
...#.:.#__#...'.#§§§#
...#___#__'...#.#.§§#
▓▓▓▓▓▓▓▓▓▓▓▓▓▓▓▓▓▓▓▓▓


There were no monsters in sight!

Vanquished Creatures
  Josephine (D)
  3 deep elf pyromancers (D)
  A shadow (D)
  A spatial vortex (D)
  An orc warrior (D)
  A necrophage (D)
  A water elemental (D)
  3 orc priests (D)
  A jelly (D)
  An arcanist (D)
  Jessica (D)
  2 orc wizards (D)
  A necromancer (D)
  3 humans (D)
  A kobold demonologist (D)
  A wolf (D)
  12 orcs (D)
  An endoplasm (D)
  2 rats (D)
38 creatures vanquished.

Notes
Turn   | Place    | Note
-------+----------+-------------------------------------------
     0 | D        | sircluck the Troll Berserker began the quest for the Orb.
     0 | D        | Reached XP level 1. HP: 22/22 MP: 0/0
    12 | D        | Noticed Jessica
    16 | D        | Killed Jessica
    16 | D        | Reached ** piety under Trog
    17 | D        | Reached skill level 4 in Unarmed Combat
    17 | D        | Reached XP level 2. HP: 32/32 MP: 1/1
    19 | D        | Reached XP level 3. HP: 39/39 MP: 2/2
    74 | D        | Reached *** piety under Trog
    75 | D        | Reached skill level 5 in Unarmed Combat
   101 | D        | Gained mutation: You passively dampen the noise of your
                  | surroundings. [potion of mutation]
   101 | D        | Gained mutation: Your muscles are strong. (Str +4, Int/Dex
                  | -1) [potion of mutation]
   101 | D        | Gained mutation: You possess an exceptional clarity of
                  | mind. [potion of mutation]
   117 | D        | Noticed a water elemental
   120 | D        | Killed a water elemental
   121 | D        | Reached skill level 5 in Fighting
   121 | D        | Reached skill level 5 in Dodging
   121 | D        | Reached skill level 6 in Unarmed Combat
   121 | D        | Reached XP level 4. HP: 50/50 MP: 3/3
   164 | D        | Found a radiant altar of Vehumet.
   164 | D        | Found a shimmering blue altar of Sif Muna.
   164 | D        | Found an ancient bone altar of Kikubaaqudgha.
   164 | D        | Noticed an arcanist
   167 | D        | Killed an arcanist
   168 | D        | Reached XP level 5. HP: 57/57 MP: 4/4
   171 | D        | Noticed a smoke demon
   171 | D        | Reached **** piety under Trog
   195 | D        | Found a shadowy altar of Dithmenos.
   200 | D        | Reached skill level 7 in Unarmed Combat
   200 | D        | Found a basalt altar of Yredelemnul.
   200 | D        | Found a sacrificial altar of Ru.
   215 | D        | Found a hide-covered altar of Uskayaw.
   215 | D        | Found an iron altar of Okawaru.
   215 | D        | Found a bloodstained altar of Trog.
   215 | D        | Found an ornate altar of the Wu Jian Council.
   215 | D        | Noticed a human
   223 | D        | Killed a human
   224 | D        | Reached skill level 8 in Unarmed Combat
   224 | D        | Reached XP level 6. HP: 71/71 MP: 5/5
   224 | D        | Noticed a human
   230 | D        | Killed a human
   231 | D        | Reached skill level 9 in Unarmed Combat
   231 | D        | Reached XP level 7. HP: 79/79 MP: 6/6
   367 | D        | Found a glowing silver altar of Zin.
   368 | D        | Found a glowing golden altar of the Shining One.
   368 | D        | Found a white marble altar of Elyvilon.
   368 | D        | Noticed a deep elf pyromancer
   373 | D        | Killed a deep elf pyromancer
   373 | D        | Reached ***** piety under Trog
   374 | D        | Reached skill level 10 in Unarmed Combat
   391 | D        | Noticed a shadow
   400 | D        | Killed a shadow
   401 | D        | Reached XP level 8. HP: 27/92 MP: 7/7
   464 | D        | Found a blossoming altar of Fedhas.
   464 | D        | Found a stormy altar of Qazlal.
   464 | D        | Found a snail-covered altar of Cheibriados.
   464 | D        | Found a burning altar of Makhleb.
   464 | D        | Found a shimmering altar of Xom.
   465 | D        | Found a hazy altar of Hepliaklqana.
   465 | D        | Found an opulent altar of Gozag.
   465 | D        | Found a sparkling altar of Nemelex Xobeh.
   465 | D        | Found a corrupted altar of Lugonu.
   465 | D        | Found a viscous altar of Jiyva.
   476 | D        | Received a gift from Trog
   477 | D        | Reached skill level 11 in Unarmed Combat
   493 | D        | Noticed Josephine
   497 | D        | Killed Josephine
   498 | D        | Reached skill level 10 in Fighting
   498 | D        | Reached skill level 10 in Dodging
   498 | D        | Reached skill level 12 in Unarmed Combat
   564 | D        | Reached XP level 9. HP: 102/102 MP: 8/8
   573 | D        | Received a gift from Trog
   597 | D        | Reached ****** piety under Trog
   599 | D        | Received a gift from Trog
   608 | D        | Found Pomoz's Magic Scroll Shoppe.
   654 | D        | Noticed a deep elf knight
   654 | D        | Noticed a deep elf pyromancer
   654 | D        | Noticed a deep elf zephyrmancer
   654 | D        | Noticed a deep elf pyromancer
   654 | D        | Noticed a deep elf knight
   668 | D        | Killed a deep elf pyromancer
   682 | D        | Killed a deep elf pyromancer
   682 | D        | Received a gift from Trog
   683 | D        | Reached skill level 13 in Unarmed Combat
   684 | D        | Incinerated by a deep elf pyromancer

Illustrated notes

Levels and vault maps discovered:
D:        dungeon_sprint_mu [sprint_mu_entry_forest, sprint_mu_temple_rooms,
          sprint_mu_d1_horrors, sprint_mu_d2_genie, sprint_mu_d3_branching,
          sprint_mu_orc_legion, sprint_mu_elf_gauntlet, sprint_mu_hive_nellie,
          sprint_mu_lair_fedhas, sprint_mu_vaults_butterflies,
          sprint_mu_slime_circle, sprint_mu_shoals_kraken,
          sprint_mu_snake_twists, sprint_mu_blade_basic, sprint_mu_crypt_lich,
          sprint_mu_tomb_spiral, sprint_mu_vestibule_basic,
          sprint_mu_gehenna_hellfire, sprint_mu_dis_giant,
          sprint_mu_tartarus_statrot, sprint_mu_cocytus_islands, sprint_mu_zot1]

Skill      XL: |  1  2  3  4  5  6  7  8  9 |
---------------+----------------------------+-----
Fighting       | 3 5 7 9 10 11 | 11.3
Dodging        | 3 5 7 9 10 11 | 11.2
Unarmed Combat | 4 6 8 9 10 12 13 | 13.2

Action                     |  1- 3 |  4- 6 |  7- 9 || total
---------------------------+-------+-------+-------++-------
  Melee: Unarmed           |    19 |    27 |    61 ||   107
         Punch             |     1 |       |     3 ||     4
 Invoke: Berserk           |     1 |     1 |     2 ||     4
    Use: Potion            |     1 |       |       ||     1
         Scroll            |       |       |     1 ||     1
 Armour: Animal skin       |     5 |       |       ||     5
         Robe              |     5 |    12 |    25 ||    42
  Dodge: Dodged            |     5 |     5 |    15 ||    25

Table legend: (Time is in decaauts)
 A = Elapsed time spent in this place.
 B = Non-inter-level travel time spent in this place.
 C = Inter-level travel time spent in this place.
 D = Time resting spent in this place.
 E = Time spent auto-exploring this place.
 F = Levels seen in this place.
 G = Mean time per level.
                   A        B        C        D        E       F      G
               +--------+--------+--------+--------+--------+-----+--------+
         Total |    700 |    700 |      0 |    302 |    114 |   1 |  700.0 |
       Dungeon |    700 |    700 |      0 |    302 |    114 |   1 |  700.0 |
               +--------+--------+--------+--------+--------+-----+--------+

Top non-repeatable levels by time:
       D: 700 daAuts
